 Dungeon Sprint DCSS version 0.26-a0-1164-g1a551d6a14 (webtiles) character file.

Game seed: 14785505933679492137

576 rocky1 the Arsonist (level 7, -31/36 HPs)
             Began as a Deep Elf Fire Elementalist on Dec 24, 2020.
             Was an Elder of Sif Muna.
             Killed from afar by a ynoxinul (32 damage)
             ... with an iron shot
             ... in the Dungeon (Sprint VII: "The Pits").
             The game lasted 00:06:53 (941 turns).

rocky1 the Arsonist (Deep Elf Fire Elementalist)     Turns: 941, Time: 00:06:54

Health: -31/36     AC:  2    Str:  5    XL:     7   Next: 12%
Magic:  19/19      EV: 13    Int: 22    God:    Sif Muna [****..]
Gold:   0          SH:  0    Dex: 15    Spells: 6/19 levels left

rFire    . . .     SeeInvis .   m - +1 quarterstaff (speed)
rCold    . . .     Faith    .   (shield currently unavailable)
rNeg     . . .     Spirit   .   a - +0 robe
rPois    .         Reflect  .   (no helmet)
rElec    .         Harm     .   (no cloak)
rCorr    .         Rampage  .   (no gloves)
Will     .....     NoTele   +   (no boots)
Stlth    ++........             (no amulet)
HPRegen  0.12/turn              (no ring)
MPRegen  0.16/turn              (no ring)

@: no status effects
A: no striking features
a: Renounce Religion, Channel Magic, Forget Spell, Divine Exegesis


You were in the Dungeon.
You worshipped Sif Muna.
Sif Muna was greatly pleased with you.
You visited 1 branch

Inventory:

Hand Weapons
 m - a +1 quarterstaff of speed (weapon)
Armour
 a - a +0 robe (worn)
 l - a +3 ring mail
Scrolls
 i - 3 scrolls of remove curse
 j - 5 scrolls of amnesia
Potions
 b - a potion of invisibility
 c - 5 potions of curing
 d - 6 potions of heal wounds
 e - a potion of haste
 f - 4 potions of magic
 g - a potion of berserk rage


   Skills:
 - Level 2.4 Dodging
 - Level 2.4 Stealth
 + Level 6.7 Spellcasting
 + Level 5.0 Conjurations
 + Level 14.1 Fire Magic
 + Level 4.8 Invocations


You had 6 spell levels left.
You knew the following spells:

 Your Spells              Type           Power        Failure   Level
a - Foxfire               Conj/Fire      100%         1%          1
b - Conjure Flame         Conj/Fire      49%          1%          3
c - Sticky Flame          Conj/Fire      49%          1%          4
d - Fireball              Conj/Fire      24%          4%          5

Your spell library contained the following spells:

 Spells                   Type           Power        Failure   Level
 Inner Flame              Hex/Fire       38%          1%          3


Dungeon Overview and Level Annotations

Branches:
Dungeon (1/1)

Altars:
Ashenzari
Cheibriados
Dithmenos
Elyvilon
Fedhas
Gozag
Hepliaklqana
Kikubaaqudgha
Makhleb
Nemelex Xobeh
Okawaru
Qazlal
Ru
Sif Muna
Trog
Uskayaw
Vehumet
Wu Jian
Xom
Yredelemnul
Zin
The Shining One
Beogh
Jiyva
Lugonu


Message History

a cursed +0 spear; a gnoll corpse
There is an open door here.
Things that are here:
a +0 whip; a +0 robe
Things that are here:
a +0 short sword; a +0 leather armour; an orc skeleton
There is an open door here.
There is an open door here.
You open the door.
A floating eye, a ynoxinul and a bog body come into view.
The floating eye turns its gaze towards you.
The ynoxinul bellows!
The bog body casts a spell at you. The bolt of cold hits you!!
Ouch! That really hurt!
* * * LOW HITPOINT WARNING * * *
The ynoxinul gestures at you. The iron shot hits you!!
Ouch! That really hurt!
You die...

#.##'#..)..##...<...#
#.#........##.......#
#.#........##.......#
#'###########.......#
#.......#.. #########
#.......#.# ###
#...#...#.# ...#
#..###..#'#.G..#
#...#...#@'...n+
#.......#'#....#
#.....†)))# .3.#
########### ###


You could see a bog body, a ynoxinul and a floating eye.

Vanquished Creatures
  A water moccasin (D)
  A black bear (D)
  A sky beast (D)
  A wolf (D)
  2 centaurs (D)
  A gnoll shaman (D)
  A gnoll (D)
  An ufetubus (D)
  An adder zombie (D)
  A worm (D)
  2 orcs (D)
  2 bat skeletons (D)
  A bat zombie (D)
  A giant cockroach (D)
  A goblin (D)
  A ball python (D)
19 creatures vanquished.

Vanquished Creatures (others)
  A flying skull (D)
  A hound (D)
  29 foxfires (D)
31 creatures vanquished.

Grand Total: 50 creatures vanquished

Notes
Turn   | Place    | Note
-------+----------+-------------------------------------------
     0 | D        | rocky1 the Deep Elf Fire Elementalist began the quest for
                  | the Orb.
     0 | D        | Reached XP level 1. HP: 10/10 MP: 6/6
    17 | D        | Reached skill level 4 in Fire Magic
    72 | D        | Found a bloodstained altar of Trog.
    72 | D        | Found a shimmering blue altar of Sif Muna.
    72 | D        | Found a viscous altar of Jiyva.
    72 | D        | Found a hazy altar of Hepliaklqana.
    72 | D        | Found an opulent altar of Gozag.
    97 | D        | Found a glowing golden altar of the Shining One.
    97 | D        | Found a glowing silver altar of Zin.
    97 | D        | Found a basalt altar of Yredelemnul.
    97 | D        | Found a shimmering altar of Xom.
    97 | D        | Found an ornate altar of the Wu Jian Council.
    97 | D        | Found a sacrificial altar of Ru.
    97 | D        | Found a stormy altar of Qazlal.
    97 | D        | Found an iron altar of Okawaru.
    97 | D        | Found a sparkling altar of Nemelex Xobeh.
    97 | D        | Found a burning altar of Makhleb.
    97 | D        | Found a blossoming altar of Fedhas.
    97 | D        | Found a white marble altar of Elyvilon.
    97 | D        | Found a shadowy altar of Dithmenos.
    97 | D        | Found a snail-covered altar of Cheibriados.
   100 | D        | Found a corrupted altar of Lugonu.
   100 | D        | Found a radiant altar of Vehumet.
   100 | D        | Found a roughly hewn altar of Beogh.
   101 | D        | Found an ancient bone altar of Kikubaaqudgha.
   101 | D        | Found a hide-covered altar of Uskayaw.
   101 | D        | Found a broken altar of Ashenzari.
   104 | D        | Became a worshipper of Sif Muna the Loreminder
   122 | D        | Reached skill level 5 in Fire Magic
   179 | D        | Reached * piety under Sif Muna
   180 | D        | Reached XP level 2. HP: 12/15 MP: 6/8
   199 | D        | Noticed a centaur
   203 | D        | Reached ** piety under Sif Muna
   206 | D        | Reached skill level 6 in Fire Magic
   209 | D        | Killed a centaur
   210 | D        | Reached skill level 10 in Fire Magic
   210 | D        | Reached XP level 3. HP: 17/19 MP: 7/9
   210 | D        | Reached XP level 4. HP: 22/24 MP: 7/10
   334 | D        | Learned a level 3 spell: Conjure Flame
   339 | D        | Learned a level 4 spell: Sticky Flame
   345 | D        | Noticed a water moccasin
   346 | D        | Noticed a black bear
   346 | D        | Noticed a flying skull
   346 | D        | Noticed a centaur
   368 | D        | Killed a flying skull
   370 | D        | Killed a water moccasin
   371 | D        | Reached skill level 12 in Fire Magic
   371 | D        | Reached XP level 5. HP: 20/28 MP: 7/11
   375 | D        | Killed a centaur
   375 | D        | Reached *** piety under Sif Muna
   376 | D        | Reached skill level 13 in Fire Magic
   462 | D        | Noticed a sky beast
   475 | D        | Killed a sky beast
   476 | D        | Reached XP level 6. HP: 32/32 MP: 11/14
   530 | D        | Learned a level 5 spell: Fireball
   541 | D        | Reached skill level 5 in Spellcasting
   845 | D        | Reached **** piety under Sif Muna
   847 | D        | Reached skill level 5 in Conjurations
   847 | D        | Reached skill level 14 in Fire Magic
   847 | D        | Reached XP level 7. HP: 31/36 MP: 7/19
   941 | D        | Noticed a bog body
   941 | D        | Noticed a ynoxinul
   941 | D        | HP: 1/36 [bog body/bolt of cold (35)]
   941 | D        | Killed from afar by a ynoxinul

Illustrated notes

Levels and vault maps discovered:
D:        pitsprint [storerooms_1, entrance_room_1, metal_vault_3, armoury_2,
          mini_pit_1, grid_room_1, main_hall_1, silver_pit, the_coven_2,
          the_vestibule_1, steel_vault_1, golden_pit, hallway_of_sentries,
          crystal_vault_1, iron_vault_5, final_vault]

Skill      XL: |  1  2  3  4  5  6 |
---------------+-------------------+-----
Fire Magic     | 5 10 12 13 14 | 14.1
Spellcasting   | 4 6 |  6.7
Conjurations   | 3 5 |  5.0
Invocations    | 2 4 |  4.8
Dodging        | |  2.4
Stealth        | |  2.4

Action                   |  1- 3 |  4- 6 |  7- 9 || total
-------------------------+-------+-------+-------++-------
Melee: Quarterstaff      |    11 |    15 |       ||    26
       Unarmed           |     1 |       |       ||     1
 Cast: Foxfire           |     8 |     6 |     2 ||    16
       Conjure Flame     |       |     1 |       ||     1
       Fireball          |       |     5 |       ||     5
  Use: Potion            |     1 |     3 |       ||     4
       Scroll            |       |     2 |       ||     2
 Stab: Sleeping          |       |     1 |       ||     1
Armor: Robe              |     5 |       |       ||     5
Dodge: Dodged            |    13 |    18 |       ||    31

Table legend: (Time is in decaauts)
 A = Elapsed time spent in this place.
 B = Non-inter-level travel time spent in this place.
 C = Inter-level travel time spent in this place.
 D = Time resting spent in this place.
 E = Time spent auto-exploring this place.
 F = Levels seen in this place.
 G = Mean time per level.
                   A        B        C        D        E       F      G
               +--------+--------+--------+--------+--------+-----+--------+
         Total |    953 |    953 |      0 |    593 |      0 |   1 |  953.0 |
       Dungeon |    953 |    953 |      0 |    593 |      0 |   1 |  953.0 |
               +--------+--------+--------+--------+--------+-----+--------+

Top non-repeatable levels by time:
       D: 953 daAuts
